Map: Berlingrad LE

Players

Ecrotoss

  • Race: Protoss Protoss

CBagRun - Winner!

  • Race: Zerg Zerg

VOD

Have the link to the VOD?

Description

Time

  • Played on: Dec. 13, 2021, 2:32 a.m.
  • Length: 17:54
Show
View Real Time Build Order
Export as new Build Order

Ecrotoss Protoss 

Build Orders: Double Forge 

Get SALT Encoding   

  12  0:00  Probe  
  13  0:12  Probe  
  14  0:19  Pylon  
  14  0:24  Probe  
  15  0:31  Pylon  
  15  0:46  Forge  
  15  0:48  Assimilator  
  15  0:54  Probe  
  16  1:02  Pylon  
  16  1:08  Probe (Chrono Boost)  
  17  1:16  Probe (Chrono Boost)  
  18  1:22  Probe, Photon Cannon  
  19  1:28  Pylon  
  19  1:37  Gateway  
  19  1:51  Photon Cannon  
  19  2:01  Probe  
  20  2:10  Assimilator  
  20  2:13  Probe, Pylon  
  21  2:25  Probe  
  21  2:28  Zealot (Chrono Boost)  
  24  2:35  Cybernetics Core  
  24  2:48  Gateway  
  24  2:51  Zealot (Chrono Boost)  
  26  3:01  Forge  
  26  3:10  Stalker (Chrono Boost)  
  28  3:17  Warp Gate  
  28  3:28  Stargate  
  28  3:32  Stalker  
  30  3:41  Robotics Facility  
  30  3:54  Stalker  
  32  4:05  Probe  
  33  4:10  Nexus  
  33  4:13  Assimilator  
  33  4:37  Twilight Council  
  33  4:46  Stargate  
  33  5:11  Zealot  
  33  5:12  Zealot  
  37  5:24  Void Ray  
  41  5:35  Probe  
  42  5:46  Charge  
  42  5:48  Probe  
  43  6:00  Probe  
  43  6:03  Templar Archives  
  44  6:12  Probe  
  45  6:23  Protoss Ground Weapons Level 1  
  45  6:24  Probe  
  42  6:26  Protoss Ground Armor Level 1  
  40  6:36  Probe  
  40  6:37  Pylon  
  40  6:38  Pylon  
  39  6:42  Pylon  
  39  6:43  Pylon  
  39  6:46  Assimilator  
  39  6:48  Probe  
  39  6:53  Zealot  
  39  6:54  Zealot  
  44  7:00  Probe  
  45  7:06  Pylon  
  45  7:12  Probe, Gateway  
  45  7:14  Gateway  
  46  7:24  Probe, Void Ray  
  46  7:25  Void Ray  
  47  7:36  Probe  
  56  7:41  Zealot  
  56  7:42  Zealot  
  60  7:48  Probe  
  61  7:57  Stargate  
  61  8:16  Gateway  
  61  8:22  Gateway  
  57  8:45  Sentry  
  59  8:49  High Templar x2  
  59  8:50  High Templar  
  65  8:56  Archon  
  65  9:03  Void Ray x2  
  65  9:04  Void Ray  
  77  9:29  Protoss Air Weapons Level 1  
  77  9:53  Nexus, High Templar x2  
  77  9:54  High Templar  
  77  9:58  Zealot x3  
  89  10:04  Archon x2  
  89  10:23  Pylon  
  89  10:24  Void Ray (Chrono Boost)  
  89  10:26  Void Ray (Chrono Boost)  
  89  10:27  Void Ray (Chrono Boost)  
  101  10:40  Assimilator  
  101  10:42  Assimilator  
  87  10:50  Observer (Chrono Boost)  
  72  11:05  Immortal (Chrono Boost)  
  76  11:15  Photon Cannon  
  76  11:17  Photon Cannon  
  72  11:27  Photon Cannon  
  64  11:55  High Templar x2  
  64  11:56  High Templar x2  
  64  11:58  Zealot x2  
  76  12:05  Probe  
  77  12:13  Void Ray x2  
  77  12:18  Probe  
  86  12:30  Probe  
  86  12:32  Archon x2  
  87  12:43  Protoss Shields Level 1, Protoss Ground Weapons Level 2  
  87  12:56  Blink  
  87  13:03  Pylon  
  87  13:06  Pylon  
  87  13:13  Probe  
  88  13:25  Probe  
  89  13:30  Fleet Beacon  
  89  13:46  Probe  
  90  13:53  Zealot x2  
  94  13:58  Probe  
  91  14:10  Probe  
  84  14:22  Probe  
  60  14:32  Zealot x2  
  60  14:33  Zealot x3  
  60  14:34  Zealot  
  65  15:10  Nexus  
  59  15:22  Pylon  
  42  15:38  Carrier (Chrono Boost)  
  38  16:00  Stalker x3  
  38  16:02  Zealot  
  20  16:26  Probe  
  21  16:59  Zealot x3  
Show
View Real Time Build Order
Export as new Build Order

CBagRun Zerg - Winner!

Build Orders: Pool First 

Get SALT Encoding   

  12  0:01  Drone  
  13  0:08  Drone  
  14  0:18  Overlord  
  14  0:37  Drone x2  
  16  0:44  Spawning Pool  
  15  0:50  Drone x2  
  17  0:58  Extractor  
  16  1:05  Drone, Extractor  
  16  1:12  Evolution Chamber  
  16  1:17  Overlord  
  15  1:25  Drone  
  16  1:35  Zergling x2  
  17  1:41  Queen  
  19  1:47  Drone  
  20  1:58  Overlord  
  20  2:11  Drone  
  21  2:18  Zerg Ground Armor Level 1  
  21  2:21  Zergling x2  
  22  2:39  Drone x2  
  24  3:09  Drone x3  
  24  3:11  Hatchery  
  26  3:20  Zergling x6  
  29  3:59  Drone x4  
  33  4:05  Metabolic Boost  
  33  4:19  Lair  
  33  4:24  Queen  
  33  4:27  Hatchery  
  34  4:33  Drone x2  
  34  4:34  Drone x2  
  38  4:49  Zerg Melee Weapons Level 1  
  38  4:55  Drone x2  
  38  4:57  Drone x2  
  42  5:01  Drone x2  
  42  5:05  Overlord  
  44  5:12  Overlord  
  44  5:28  Infestation Pit  
  43  5:42  Queen  
  43  5:45  Drone  
  44  6:01  Zergling x4  
  46  6:04  Extractor  
  46  6:09  Zergling x2  
  46  6:10  Zergling x10  
  46  6:27  Zergling x2  
  46  6:28  Zergling x2  
  48  6:45  Drone x3  
  51  7:05  Roach Warren  
  51  7:08  Swarm Host  
  50  7:10  Swarm Host  
  50  7:13  Zergling x2  
  57  7:18  Drone  
  57  7:19  Drone x5  
  63  7:29  Zergling x4  
  65  7:31  Overlord x3  
  65  7:52  Spore Crawler  
  64  8:02  Spore Crawler  
  64  8:04  Spore Crawler  
  64  8:05  Queen  
  62  8:07  Queen  
  62  8:08  Queen  
  66  8:42  Spire  
  66  8:48  Roach x3  
  69  8:49  Roach x2  
  75  9:14  Roach  
  77  9:24  Overlord  
  77  9:43  Hatchery  
  76  9:56  Hatchery  
  76  9:57  Hatchery  
  74  10:07  Zerg Flyer Armor Level 1  
  74  10:09  Corruptor  
  74  10:10  Corruptor x3  
  82  10:15  Corruptor x2  
  82  10:16  Corruptor x5  
  82  10:18  Hatchery  
  82  10:19  Overlord  
  82  10:20  Overlord x3  
  95  10:32  Roach  
  83  11:10  Mutalisk  
  83  11:11  Mutalisk x6  
  85  11:14  Roach  
  85  11:15  Roach x5  
  75  11:51  Roach  
  75  11:52  Roach x4  
  85  11:54  Roach  
  85  11:55  Roach x4  
  85  11:57  Roach x11  
  115  12:07  Hive  
  115  12:20  Corruptor x2  
  119  12:25  Corruptor  
  121  12:33  Extractor  
  121  12:35  Drone  
  121  12:54  Extractor  
  120  13:04  Ravager  
  120  13:05  Ravager x4  
  124  13:10  Zergling x2  
  124  13:11  Zergling x14  
  133  13:13  Zergling x10  
  133  13:15  Zergling x2  
  133  13:16  Zergling x8  
  133  13:18  Zergling x14  
  150  13:22  Drone x2  
  96  14:33  Corruptor x4  
  96  14:34  Corruptor x2  
  106  14:56  Zergling x8  
  108  15:27  Zergling x12  
  108  15:28  Zergling x6  
  99  16:39  Roach x5  
  109  16:41  Roach  
  109  16:42  Roach x10  
  109  16:44  Roach  
  109  16:45  Roach x5  
Tags
 
Add a new tag
Caveats
  • Supply blocks, unpowered buildings, or Contaminate may cause inaccurate times.
  • Supply counts are checked every 10 seconds.